 Dungeon Crawl Stone Soup version 0.28.0 (console) character file.

Game seed: 16807338934894384026

40 Garrluk the Changer (level 3, -11/30 HPs)
             Began as a Deep Dwarf Transmuter on Feb 12, 2022.
             Killed from afar by a steam dragon (26 damage)
             ... with a ball of steam
             ... on level 4 of the Dungeon.
             The game lasted 00:03:52 (493 turns).

Garrluk the Changer (Deep Dwarf Transmuter)          Turns: 493, Time: 00:03:52

Health: -11/30     AC:  1    Str: 13    XL:     3   Next: 30%
Magic:  3/4        EV:  9    Int: 15    God:
Gold:   69         SH:  0    Dex: 13    Spells: 2/5 levels left

rFire   . . .      SeeInvis .     - Unarmed
rCold   . . .      Faith    .   (no shield)
rNeg    . . .      Spirit   .   (no armour)
rPois   .          Reflect  .   (no helmet)
rElec   .          Harm     .   (no cloak)
rCorr   .          Rampage  .   i - +0 pair of gloves
Will    .....                   (no boots)
Stlth   +.........              (no amulet)
HPRegen 0.00/turn               (no ring)
MPRegen 0.09/turn               (no ring)

@: wereblooded, constricted
A: damage resistance, heal wounds, sense surroundings 1, no regeneration
a: Heal Wounds


You were on level 4 of the Dungeon.
You visited 1 branch of the dungeon, and saw 5 of its levels.

You collected 69 gold pieces.

Inventory:

Armour
 a - a +0 robe
 i - a +0 pair of gloves (worn)
 j - a +1 leather armour of fire resistance
Jewellery
 h - a ring of willpower
Scrolls
 d - 2 scrolls of identify {unknown}
 g - a scroll of acquirement {unknown}
Potions
 b - a potion of berserk rage {unknown}
 c - a potion of haste {unknown}
 e - a potion of curing {unknown}
 f - a potion of lignification {unknown}


   Skills:
 - Level 0.8 Fighting
 - Level 2.1 Dodging
 - Level 2.6 Unarmed Combat
 - Level 1.7 Spellcasting
 * Level 3.4 Transmutations


You had 2 spell levels left.
You knew the following spells:

 Your Spells              Type           Power      Damage    Failure   Level
a - Beastly Appendage     Tmut           22%        N/A       5%          1
b - Wereblood             Tmut           11%        N/A       9%          2

Your spell library contained the following spells:

 Spells                   Type           Power      Damage    Failure   Level
 Slow                     Hex            4%         N/A       22%         1
 Spider Form              Tmut/Pois      6%         N/A       34%         3
 Confusing Touch          Hex            1%         N/A       56%         3
 Vampiric Draining        Necr           1%         2d6       56%         3
 Ice Form                 Ice/Tmut       6%         N/A       75%         4


Dungeon Overview and Level Annotations

Branches:
Dungeon (5/15)
 Temple: D:4-7

Altars:
Ashenzari


Innate Abilities, Weirdness & Mutations

You are resistant to damage.
You can heal yourself by infusing magical energy.
You passively map a small area around you.
You do not regenerate.


Message History

The steam dragon is moderately wounded.
The steam dragon bites you! The steam dragon barely misses you.
You hit the steam dragon.
The steam dragon is moderately wounded.
A ball python comes into view.
The steam dragon breathes steam at you. The ball of steam misses you.
The ball python hisses angrily.
The steam dragon bites you! The steam dragon misses you.
You see here a +0 robe.
Your magical essence is drained by the effort!
You feel much better. The steam dragon closely misses you.
The steam dragon misses you.
You closely miss the steam dragon.
The steam dragon is moderately wounded.
The steam dragon bites you. The steam dragon barely misses you.
You completely miss the steam dragon.
You claw the steam dragon, but do no damage.
Your headbutt misses the steam dragon.
The steam dragon is moderately wounded.
The steam dragon completely misses you. The steam dragon closely misses you.
You closely miss the steam dragon.
The steam dragon is moderately wounded.
The steam dragon bites you. The steam dragon barely misses you.
You hit the steam dragon. Your headbutt misses the steam dragon.
The steam dragon is heavily wounded.
The steam dragon completely misses you. The steam dragon closely misses you.
You closely miss the steam dragon. Your kick misses the steam dragon.
The steam dragon is heavily wounded.
The steam dragon bites you! The steam dragon claws you.
Casting: Beastly Appendage (safe; 5% risk of failure)
Confirm with . or Enter, or press ? or * to list all spells.
Okay, then.
You barely miss the ball python. You claw the ball python.
The ball python is severely wounded.
Your horns disappear.
Your talons disappear.
The ball python bites you. The ball python grabs you.
The ball python constricts you. The steam dragon breathes steam at you.
The ball of steam hits you!!
Ouch! That really hurt!
You die...

.... * #...# ######.... ....
#...# #............ .....
#...# #.............
...D.#####...# #.............
........##...####.............
####....##....................
* #....##.#.##.....##........
#....##..........##........ ,
#....D.......###.....S.....
####.##......###.....#####
#.###.##..@D#.....# #.#
#.##...S......# *
#+##....#.........# ,,
....#.#.........# , ,,
.##.#.#..#.#.(..# ..
#.#....#.#....# ..
#.............# , *
....#.#)###### #...#.#.# * # +
#.# ,, *##.#######


You could see a steam dragon (catching breath) and a ball python.

Vanquished Creatures
  2 adders
  4 ball pythons
  An endoplasm (D:3)
  4 giant cockroaches
  3 hobgoblins
  2 jackals (D:2)
  2 frilled lizards (D:2)
  3 kobolds
  A rat (D:3)
22 creatures vanquished.

Notes
Turn   | Place    | Note
-------+----------+-------------------------------------------
     0 | D:1      | Garrluk the Deep Dwarf Transmuter began the quest for the
                  | Orb.
     0 | D:1      | Reached XP level 1. HP: 16/16 MP: 3/3
    47 | D:2      | Reached skill level 2 in Transmutations
    69 | D:3      | Noticed an orc priest
   140 | D:2      | Reached XP level 2. HP: 21/24 MP: 2/4
   149 | D:2      | Learned a level 2 spell: Wereblood
   275 | D:3      | Found a broken altar of Ashenzari.
   335 | D:3      | Reached skill level 3 in Transmutations
   335 | D:3      | Reached XP level 3. HP: 27/30 MP: 5/5
   453 | D:4      | Noticed a steam dragon
   468 | D:5      | Entered Level 5 of the Dungeon
   468 | D:5      | Noticed a sky beast
   468 | D:5      | Noticed a water moccasin
   493 | D:4      | Killed from afar by a steam dragon

Illustrated notes

Levels and vault maps discovered:
D:1:      wander_arrival_lonely_grave, layout_rooms, minmay_misc_feat_x
D:2:      layout_basic, minmay_splitting_lines, chequers_serial_rivers_large_a
D:3:      layout_rooms, nicolae_overflow_hidden_temple,
          mainiacjoe_overflow_chevrons, uniq_ijyb
D:4:      layout_basic, uniq_sigmund
D:5:      layout_rooms, mainiacjoe_overflow_24_doors, minmay_temple_entry_fiery

Skill      XL: |  1  2 |
---------------+-------+-----
Transmutations | 2 3 |  3.4
Fighting       | |  0.8
Dodging        | |  2.1
Unarmed Combat | |  2.6
Spellcasting   | |  1.7

Action                   || total
-------------------------++-------
Melee: Unarmed           ||    86
       Kick              ||     9
       Headbutt          ||     6
 Cast: Beastly Appendage ||     7
       Wereblood         ||     8
 Abil: Heal Wounds       ||     2
Armor: Robe              ||    18
       Skin              ||     1
Dodge: Dodged            ||    49
